 Dungeon Crawl Stone Soup version 0.23.2-30-g0e89c35649 (webtiles) character file.

Game seed: 15768229790419294660

13 Masnef the Chiller (level 2, -1/15 HPs)
             Began as a Deep Elf Ice Elementalist on June 24, 2019.
             Slain by a jackal (3 damage)
             ... on level 1 of the Dungeon.
             The game lasted 00:01:24 (339 turns).

Masnef the Chiller (Deep Elf Ice Elementalist)       Turns: 339, Time: 00:01:25

Health: -1/15      AC:  2    Str:  5    XL:     2   Next: 24%
Magic:  4/8        EV: 13    Int: 19    God:
Gold:   0          SH:  0    Dex: 15    Spells: 6/7 levels left

rFire    . . .     SeeInvis .   e - +1 short sword (elec)
rCold    . . .     Gourm    .   (no shield)
rNeg     . . .     Faith    .   a - +0 robe
rPois    .         Spirit   .   (no helmet)
rElec    .         Reflect  .   (no cloak)
rCorr    .         Harm     .   (no gloves)
MR       .....                  (no boots)
Stlth    ++........             (no amulet)
HPRegen  0.05/turn              d - ring of flight
MPRegen  0.11/turn              (no ring)

@: no status effects
A: no striking features
a: Evoke Flight


You were on level 1 of the Dungeon.
You were not hungry.

You visited 1 branch of the dungeon, and saw 1 of its levels.

Inventory:

Hand Weapons
 e - a +1 short sword of electrocution (weapon)
Armour
 a - a +0 robe (worn)
Jewellery
 d - a ring of flight (left hand)
 h - a +6 ring of intelligence {unknown}
Scrolls
 g - a scroll of identify {unknown}
 i - a scroll of random uselessness {unknown}
Comestibles
 b - 5 chunks of flesh
 c - 2 rations


   Skills:
 * Level 0.1 Short Blades
 - Level 2.4 Dodging
 * Level 2.5 Stealth
 - Level 3.0 Spellcasting
   Level 1.1 Conjurations
 + Level 4.0 Ice Magic


You had 6 spell levels left.
You knew the following spells:

 Your Spells              Type           Power        Failure   Level  Hunger
a - Freeze                Ice            ###.         2%          1    None

Your spell library contained the following spells:

 Spells                   Type           Power        Failure   Level  Hunger
 Throw Frost              Conj/Ice       ##....       8%          2    ##.....
 Ozocubu's Armour         Chrm/Ice       ##......     21%         3    ###....
 Throw Icicle             Conj/Ice       ##......     45%         4    ####...
 Summon Ice Beast         Ice/Summ       ##......     54%         4    ####...


Dungeon Overview and Level Annotations

Branches:
Dungeon (1/15)

Altars:


Message History

The jackal bites you. x2
* * * LOW HITPOINT WARNING * * *
Casting: Freeze (safe; 3% risk of failure)
Confirm with . or Enter, or press ? or * to list all spells.
You don't know that spell.
Okay, then.
Casting: Freeze (safe; 3% risk of failure)
Confirm with . or Enter, or press ? or * to list all spells.
Aiming: Freeze (safe; 3% risk of failure)
Press: ? - help, Shift-Dir - straight line, f/p - jackal
Aim: a jackal (almost dead)
You freeze the jackal.
You kill the jackal!
The jackal misses you. The giant cockroach closely misses you.
The jackal barely misses you.
You aren't carrying any potions.
As you read the scroll labeled JOESAA OCSELUXONLE, it crumbles to dust.
You feel aware of your surroundings.
It was a scroll of magic mapping.
The jackal bites you.
You die...

***,,***,,,#....#####....#.......
,,,,,***,**##...,,,.....##.......
*,,,,,**,,,....,,,.....###....#'#
*,,,,,,,,,,###,***###### #....#,*
*,,,,,,*,*,* *,* #....#,*
*,,,,,,***,###+###########.###*,*
*,,,,,,*,,,#................***,*
*,,,,,**,**#.....s..........,,,,*
+,,,,,,*,* #....@h..........**,,*
*,,,,,,*,* ###'##########+#.,*,,*
*,,,,,,*,* ###'#### *,**,*,,*
*,,,,,,*,**#......# *,**,,,,*
*,,,,,,*,,,+......# *,***,,,*
*,,,,,,,,,*#......# ****+***,,,*
*,,,,,,,,,*#......# *,,,,,,,,,,*
,,,,,,,,,,*#......# *,,,,,,,*,,,
**,,,,,,,,##......####,,,,,,,*,,*


You could see a jackal and a giant cockroach.

Vanquished Creatures
  A goblin (D:1)
  3 hobgoblins (D:1)
  3 jackals (D:1)
  3 kobolds (D:1)
  A rat (D:1)
11 creatures vanquished.

Notes
Turn   | Place    | Note
-------+----------+-------------------------------------------
     0 | D:1      | Masnef the Deep Elf Ice Elementalist began the quest for
                  | the Orb.
     0 | D:1      | Reached XP level 1. HP: 10/10 MP: 6/6
   281 | D:1      | Reached XP level 2. HP: 15/15 MP: 6/8
   287 | D:1      | Reached skill level 4 in Ice Magic
   339 | D:1      | Slain by a jackal

Skill      XL: |  1  2 |
---------------+-------+-----
Ice Magic      | 4 |  4.0
Short Blades   | |  0.1
Dodging        | |  2.4
Stealth        | |  2.5
Spellcasting   | |  3.0
Conjurations   | |  1.1

Action                   || total
-------------------------++-------
Melee: Short sword       ||    10
       Unarmed           ||     3
 Cast: Freeze            ||    12
  Use: Scroll            ||     1
Armor: Robe              ||     2
Dodge: Dodged            ||    31
